 Dungeon Crawl Stone Soup version 0.28.0-53-g5a82cb258f (webtiles) character file.

Game seed: 13137261955123699104

182 H0rd4k the Charlatan (level 5, -2/38 HPs)
             Began as a Human Artificer on July 22, 2022.
             Slain by a gnoll
             ... wielding a +0 spear
              (7 damage)
             ... on level 4 of the Dungeon.
             The game lasted 00:07:11 (6323 turns).

H0rd4k the Charlatan (Human Artificer)              Turns: 6323, Time: 00:07:12

Health: -2/38      AC:  3    Str: 12    XL:     5   Next: 93%
Magic:  5/5        EV: 12    Int: 14    God:
Gold:   106        SH:  0    Dex: 13    Spells: 4/4 levels left

rFire   . . .      SeeInvis .   i - +0 mace
rCold   . . .      Faith    .   (no shield)
rNeg    . . .      Spirit   .   b - +0 leather armour
rPois   .          Reflect  .   (no helmet)
rElec   .          Harm     .   (no cloak)
rCorr   .          Rampage  .   (no gloves)
Will    .....                   (no boots)
Stlth   +.........              (no amulet)
HPRegen 0.12/turn               j - ring of wizardry
MPRegen 0.09/turn               (no ring)

@: no status effects
A: no striking features
a: no special abilities


You were on level 4 of the Dungeon.
You visited 1 branch of the dungeon, and saw 4 of its levels.

You collected 106 gold pieces.

Inventory:

Hand Weapons
 i - a +0 mace (weapon)
Armour
 b - a +0 leather armour (worn)
Magical Staves
 l - a staff of air
Jewellery
 j - a ring of wizardry (left hand)
Wands
 d - a wand of charming (2)
Scrolls
 a - a scroll of enchant weapon {unknown}
 g - 2 scrolls of identify {unknown}
 k - a scroll of teleportation {unknown}
Potions
 c - a potion of berserk rage {unknown}
 f - 2 potions of curing
 h - 2 potions of ambrosia {unknown}
Miscellaneous
 e - a piece from Xom's chessboard (15/15)


   Skills:
 + Level 2.0 Fighting
 + Level 2.9 Maces & Flails
 - Level 2.0 Armour
 + Level 2.5 Dodging
 - Level 1.0 Stealth
 + Level 4.0 Evocations


You had 4 spell levels left.
You didn't know any spells.
Your spell library contained the following spells:

 Spells                   Type           Power      Damage    Failure   Level
 Dispersal                Tloc           0%         N/A       100%        6
 Disjunction              Tloc           0%         N/A       100%        8


Dungeon Overview and Level Annotations

Branches:
Dungeon (4/15)
 Temple: D:4-7

Altars:
Ru
Zin

Shops:
D:1 *[   D:3 =

Annotations:
D:1 exclusion: downstairs
D:2 exclusion: downstairs
D:3 1 exclusion, Sigmund


Message History

You barely miss the adder skeleton.
The adder skeleton is severely damaged.
The adder skeleton bites you but does no damage.
You sock the adder skeleton!
You destroy the adder skeleton!
You sock the goblin!
You kill the goblin!
Things that are here:
a +0 dagger; a goblin corpse A gnoll comes into view.
It is wielding a +0 flail.
A kobold and an orc come into view.
The kobold shouts!
The orc shouts! 2 gnolls come into view.
The gnoll shouts!
You hear a shout!
An orc wizard comes into view. It is wielding a +0 dagger. x2
A gnoll comes into view. It is wielding a +0 club.
You hear a shout!
Aiming: Charm
Press: ? - help, Shift-Dir - straight line, f - gnoll
Aim: a gnoll, wielding a +0 flail (chance to affect: 67%)
The gnoll is charmed.
Unknown command.
The orc hits your gnoll with a +0 mace.
The orc wizard gestures at you while chanting.
The puff of flame hits you!
Okay, then.
The kobold hits you with a +0 short sword.
The orc wizard casts a spell at you. You resist with some effort.
The orc hits you with a +0 mace.
Aiming: Charm
Press: ? - help, Shift-Dir - straight line, f - orc wizard, p - gnoll
Aim: an orc wizard, wielding a +0 dagger and wearing a +0 robe (chance to affect: 59%)
The orc wizard resists with significant effort.
The kobold barely misses you.
The gnoll hits you from afar with a +0 spear!
* * * LOW HITPOINT WARNING * * *
Your gnoll hits the orc but does no damage.
The orc closely misses you.
The gnoll hits you from afar with a +0 spear!
You die...

...########.###...........
............##
.....$...... ....###....##
#............ ......####.#
#........... g.......##)#
........... ...g.....#.#
........g..# .........Kg#
........go@# ...........#
.o.......#.# ......o.##.#
.......###.# ......# #..
.....# ... ...## ...


You could see an orc wizard (ally target), 3 gnolls, an orc, a kobold and a
friendly gnoll (charmed).

Vanquished Creatures
  Robin (D:2)
  6 adders
  2 adder skeletons (D:4)
  3 dart slugs
  3 orcs (D:3)
  5 ball pythons
  5 bats
  3 bat zombies (D:2)
  10 endoplasms
  5 giant cockroaches
  10 hobgoblins
  5 kobolds
  3 quokkas
  A ball python zombie (D:2)
  17 goblins
  7 rats
86 creatures vanquished.

Vanquished Creatures (collateral kills)
  An adder (D:2)
  A hobgoblin (D:3)
  2 jackals (D:2)
4 creatures vanquished.

Vanquished Creatures (others)
  2 withered plants (D:2)
2 creatures vanquished.

Grand Total: 92 creatures vanquished

Notes
Turn   | Place    | Note
-------+----------+-------------------------------------------
     0 | D:1      | H0rd4k the Human Artificer began the quest for the Orb.
     0 | D:1      | Reached XP level 1. HP: 15/15 MP: 1/1
    13 | D:1      | Found Ezusexzi's Assorted Antiques.
   328 | D:1      | Reached XP level 2. HP: 8/21 MP: 2/2
   610 | D:1      | Found Digoitru's Antique Armour Shoppe.
   619 | D:1      | HP: 1/21 [ball python (2)]
  1230 | D:1      | Reached XP level 3. HP: 19/26 MP: 3/3
  1311 | D:1      | You fall into a shaft and drop 1 floor!
  2630 | D:2      | Reached skill level 1 in Maces & Flails
  2630 | D:2      | Reached XP level 4. HP: 32/32 MP: 4/4
  3579 | D:2      | Reached skill level 4 in Evocations
  3592 | D:2      | HP: 1/32 [poisoned by an adder]
  3988 | D:3      | Reached XP level 5. HP: 25/37 MP: 5/5
  4093 | D:3      | Found a sacrificial altar of Ru.
  4158 | D:3      | Found Xuhut's Jewellery Boutique.
  4487 | D:3      | Noticed Robin
  4530 | D:2      | Killed Robin
  5495 | D:3      | Found a glowing silver altar of Zin.
  5971 | D:3      | Noticed Sigmund
  6323 | D:4      | Slain by a gnoll

Illustrated notes

Levels and vault maps discovered:
D:1:      dpeg_arrival_pits, layout_basic, serial_shops, shop_statue,
          nicolae_shop_crystal
D:2:      layout_rooms, serial_undead, serial_undead_e, serial_undead_c,
          serial_undead_d, serial_undead_b, serial_undead_e
D:3:      layout_basic, mainiacjoe_overflow_surrounded_room,
          mainiacjoe_overflow_tiny_flanked, serial_shops, shop, minmay_rat_hole,
          uniq_robin, uniq_sigmund
D:4:      layout_cave_pods, cheibrodos_sewer_entry_bend

Skill      XL: |  1  2  3  4  5 |
---------------+----------------+-----
Maces & Flails | 1 2 |  2.9
Dodging        | 2 |  2.5
Evocations     | 4 |  4.0
Fighting       | 2 |  2.0
Armour         | |  2.0
Stealth        | |  1.0

Action                   |  1- 3 |  4- 6 || total
-------------------------+-------+-------++-------
Melee: Club              |    31 |       ||    31
       Mace              |    77 |   210 ||   287
       Punch             |       |     1 ||     1
Evoke: Wand              |    12 |    16 ||    28
       Piece from Xom's  |       |     2 ||     2
  Use: Potion            |       |     1 ||     1
 Stab: Sleeping          |     1 |     1 ||     2
       Distracted        |       |     1 ||     1
Armor: Leather armour    |    78 |    56 ||   134
Dodge: Dodged            |   116 |   170 ||   286
